 Dungeon Crawl Stone Soup version 0.27-a0-101-g3cb999cee2 (webtiles) character file.

Game seed: 11896542506888584233

8675 hehateme the Geomancer (level 11, -14/69 HPs)
             Began as a Kobold Earth Elementalist on Jan 21, 2021.
             Was a Priest of Vehumet.
             Demolished by a freezing wraith (19 damage)
             ... led by a death knight
             ... on level 10 of the Dungeon.
             The game lasted 00:36:14 (18173 turns).

hehateme the Geomancer (Kobold Earth Elementalist) Turns: 18173, Time: 00:36:15

Health: -14/69     AC: 10    Str:  7    XL:     11   Next: 60%
Magic:  23/23      EV: 21    Int: 19    God:    Vehumet [***...]
Gold:   489        SH:  0    Dex: 15    Spells: 15/27 levels left

rFire    . . .     SeeInvis .   j - +2 short sword (venom)
rCold    . . .     Faith    .   (shield restricted)
rNeg     . . .     Spirit   .   c - +0 robe
rPois    +         Reflect  .   v - +0 helmet
rElec    .         Harm     .   (no cloak)
rCorr    .         Rampage  .   z - +1 pair of gloves {archery}
Will     .....                  r - +0 pair of boots
Stlth    +++.......             (no amulet)
HPRegen  0.21/turn              P - ring of poison resistance
MPRegen  0.18/turn              d - +4 ring of protection

@: slowed, very slow
A: small, nightstalker 3
a: Renounce Religion


You were on level 10 of the Dungeon.
You worshipped Vehumet.
Vehumet was most pleased with you.
You visited 2 branches of the dungeon, and saw 12 of its levels.

You collected 489 gold pieces.

Inventory:

Hand Weapons
 a - a +1 dagger of speed
 j - a +2 short sword of venom (weapon)
Missiles
 l - 39 sling bullets
 m - 17 poisoned darts
 u - 328 arrows
 y - 119 bolts
 Q - 148 stones
Armour
 c - a +0 robe (worn)
 q - a +0 pair of gloves
 r - a +0 pair of boots (worn)
 v - a +0 helmet (worn)
 z - a +1 pair of gloves of archery (worn)
Jewellery
 d - a +4 ring of protection (right hand)
 s - an uncursed ring of stealth {unknown}
 A - an uncursed ring of protection from fire {unknown}
 P - a ring of poison resistance (left hand)
Wands
 f - a wand of flame (13)
 E - a wand of polymorph (4)
 H - a wand of paralysis (12)
Scrolls
 h - 5 scrolls of immolation {!r}
 i - 8 scrolls of identify
 n - 2 scrolls of magic mapping {!r}
 p - 2 scrolls of enchant armour {unknown}
 t - 5 scrolls of teleportation
 x - 4 scrolls of blinking {unknown}
 D - a scroll of noise {unknown}
 F - 4 scrolls of remove curse {unknown}
 J - a scroll of enchant weapon {unknown}
Potions
 b - 3 potions of attraction {unknown}
 e - 3 potions of curing {unknown}
 g - 2 potions of brilliance {unknown}
 k - a potion of invisibility
 o - 4 potions of mutation {!q}
 w - 4 potions of might {unknown}
 B - 3 potions of flight {unknown}
 C - 3 potions of heal wounds {unknown}
 G - a potion of haste {unknown}
 I - a potion of degeneration {unknown}


   Skills:
 + Level 8.9 Fighting
 * Level 8.6 Dodging
 - Level 2.6 Stealth
 + Level 8.5 Spellcasting
 - Level 4.8 Conjurations
 - Level 1.0 Transmutations
 - Level 4.8 Air Magic
 + Level 9.1 Earth Magic


You had 15 spell levels left.
You knew the following spells:

 Your Spells              Type           Power        Failure   Level
a - Sandblast             Erth           84%          1%          1
b - Blink                 Tloc           N/A          13%         2
c - Shock                 Conj/Air       100%         1%          1
x - Stone Arrow           Conj/Erth      68%          1%          3
z - Lee's Rapid Deconstr  Erth           21%          1%          5

Your spell library contained the following spells:

 Spells                   Type           Power        Failure   Level
 Dazzling Flash           Conj/Hex       34%          2%          3
 Magic Dart               Conj           100%         1%          1
 Passwall                 Tmut/Erth      22%          1%          2
 Mephitic Cloud           Conj/Pois/Air  20%          1%          3
 Conjure Flame            Conj/Fire      17%          2%          3
 Inner Flame              Hex/Fire       8%           7%          3
 Animate Skeleton         Necr           16%          9%          1
 Apportation              Tloc           16%          9%          1
 Corona                   Hex            8%           9%          1
 Summon Small Mammal      Summ           32%          9%          1
 Petrify                  Tmut/Erth      27%          11%         4
 Call Imp                 Summ           8%           13%         2
 Slow                     Hex            8%           13%         2
 Leda's Liquefaction      Hex/Erth       12%          13%         4
 Gell's Gravitas          Tloc           4%           26%         3
 Lesser Beckoning         Tloc           4%           26%         3
 Portal Projectile        Hex/Tloc       16%          26%         3
 Teleport Other           Tloc           8%           26%         3
 Cause Fear               Hex            4%           65%         4
 Passage of Golubria      Tloc           N/A          65%         4


Dungeon Overview and Level Annotations

Branches:
Dungeon (11/15)            Temple (1/1) D:5            Lair (0/6) D:10
    Orc (0/2) D:9

Altars:
Ashenzari
Cheibriados
Dithmenos
Elyvilon
Fedhas
Gozag
Hepliaklqana
Kikubaaqudgha
Makhleb
Nemelex Xobeh
Okawaru
Qazlal
Ru
Sif Muna
Uskayaw
Vehumet
Wu Jian
Xom
Yredelemnul
Zin
The Shining One

Shops:
D:4 [   D:5 :}?}[

Annotations:
D:4 exclusion: orc wizard, Sigmund
D:7 exclusion: killer bee
D:8 exclusions: door and moth of wrath
D:10 exclusions: door and gargoyle
D:11 exclusion: gargoyle


Innate Abilities, Weirdness & Mutations

You are small and have problems with some larger weapons.
You are completely attuned to the shadows.


Message History

You feel yourself slow down. The freezing wraith misses you.
The freezing wraith completely misses you.
A mysterious force pulls you upwards. The hatch slams shut behind you.
Level annotation: exclusions: door and gargoyle You take 24 damage, and have 8/69 hp.
GAME OVER YEAH!!
Remove which piece of jewellery? (? for menu, Esc to quit)
Okay, then.
As you read the scroll of fear, it crumbles to dust.
You assume a fearsome visage.
The freezing wraith is unaffected.
The freezing wraith is unaffected.
The freezing wraith is unaffected.
The freezing wraith misses you. The freezing wraith barely misses you.
The freezing wraith completely misses you.
The freezing wraith barely misses you. The freezing wraith hits you.
* * * LOW HITPOINT WARNING * * *
The freezing wraith freezes you!!
You die...

########## #........#
#........### ###########
#..........# #....<....#
#........#.# #..>...[..'
#......W.#.# #.[.......#
#.....W@.#)###.........#
#....[.W.#...'.....>.>.#
#........#####.........#
#####.#### ###'#######
#...## #..## ###..#
##..# ##.# ##.# #.# #.#
#.# ##'####

Skill      XL: |  1  2  3  4  5  6  7  8  9 10 11 |
---------------+----------------------------------+-----
Fighting       | 1 2 3 4 5 6 7 8 |  8.9
Earth Magic    | 4 5 6 7 8 9 |  9.1
Spellcasting   | 3 4 5 6 7 8 |  8.5
Conjurations   | 2 4 |  4.8
Air Magic      | 3 4 |  4.8
Dodging        | 6 8 |  8.6
Stealth        | |  2.6
Transmutations | |  1.0

Notes
Turn   | Place    | Note
-------+----------+-------------------------------------------
     0 | D:1      | hehateme the Kobold Earth Elementalist began the quest for
                  | the Orb.
     0 | D:1      | Reached XP level 1. HP: 10/10 MP: 3/3
   144 | D:1      | Reached XP level 2. HP: 12/16 MP: 0/5
   562 | D:1      | Reached skill level 1 in Fighting
   562 | D:1      | Reached XP level 3. HP: 8/20 MP: 1/6
  1628 | D:2      | Reached XP level 4. HP: 25/25 MP: 6/8
  1673 | D:2      | Noticed Jessica
  1843 | D:2      | You fall into a shaft and drop 1 floor!
  1898 | D:3      | Reached skill level 4 in Earth Magic
  2091 | D:2      | Reached skill level 3 in Spellcasting
  2180 | D:2      | Killed Jessica
  2181 | D:2      | Reached skill level 2 in Fighting
  2181 | D:2      | Reached XP level 5. HP: 29/30 MP: 6/9
  3753 | D:4      | Reached skill level 5 in Earth Magic
  3753 | D:4      | Reached XP level 6. HP: 16/36 MP: 7/11
  4062 | D:4      | Reached skill level 3 in Fighting
  4266 | D:4      | Found Uchoefep's Armour Shop.
  4398 | D:4      | HP: 9/37 [orc wizard/magic dart (6)]
  4437 | D:4      | Reached XP level 7. HP: 16/41 MP: 7/12
  5003 | D:4      | You fall into a shaft and drop 1 floor!
  5003 | D:5      | Entered Level 5 of the Dungeon
  5007 | D:5      | Found Awkogho's Gadget Shop.
  5016 | D:5      | Reached skill level 4 in Spellcasting
  5140 | D:5      | Noticed Grinder
  5225 | D:5      | Reached skill level 6 in Earth Magic
  5311 | D:5      | Killed Grinder
  5312 | D:5      | Reached skill level 4 in Fighting
  5362 | D:5      | Found Itosefy's Book Boutique.
  5379 | D:4      | Noticed Sigmund
  5441 | D:5      | Reached XP level 8. HP: 48/48 MP: 9/14
  5630 | D:5      | Learned a level 3 spell: Stone Arrow
  5985 | D:5      | Found Fimog's Magic Scroll Shoppe.
  5990 | D:5      | Found Noseoz's Antique Armour Shoppe.
  6285 | D:5      | Found a staircase to the Ecumenical Temple.
  6291 | D:5      | Reached skill level 1 in Conjurations
  6291 | D:5      | Reached skill level 7 in Earth Magic
  6300 | Temple   | Entered the Ecumenical Temple
  6458 | Temple   | Became a worshipper of Vehumet
  6607 | D:5      | Found Jonur's Gadget Shoppe.
  6930 | D:6      | Reached skill level 5 in Spellcasting
  7156 | D:6      | Reached skill level 2 in Conjurations
  7243 | D:6      | Found a stormy altar of Qazlal.
  7290 | D:6      | Reached skill level 5 in Fighting
  7465 | D:6      | Noticed Menkaure
  7470 | D:6      | HP: 8/49 [??? (6)]
  7751 | D:6      | Killed Menkaure
  7752 | D:6      | Reached XP level 9. HP: 50/54 MP: 17/17
  8032 | D:7      | Reached skill level 8 in Earth Magic
  8496 | D:7      | Reached skill level 3 in Conjurations
  8500 | D:7      | Reached * piety under Vehumet
  8500 | D:7      | Offered knowledge of Shock by Vehumet.
  8504 | D:7      | Learned a level 2 spell: Blink
  8506 | D:7      | Learned a level 1 spell: Shock
  9019 | D:7      | Found an opulent altar of Gozag.
  9589 | D:8      | Reached skill level 6 in Fighting
  9589 | D:8      | Reached skill level 6 in Spellcasting
  9589 | D:8      | Reached skill level 1 in Air Magic
  9726 | D:8      | Noticed a moth of wrath
  9980 | D:8      | Reached skill level 2 in Air Magic
 10558 | D:8      | Reached skill level 4 in Conjurations
 10813 | D:8      | Found a burning altar of Makhleb.
 10851 | D:8      | Reached skill level 3 in Air Magic
 11097 | D:8      | Reached XP level 10. HP: 61/61 MP: 16/19
 11311 | D:8      | Offered knowledge of Freeze by Vehumet.
 11313 | D:8      | Reached ** piety under Vehumet
 11550 | D:8      | Reached skill level 4 in Air Magic
 11769 | D:9      | Found a staircase to the Orcish Mines.
 12061 | D:9      | Reached skill level 7 in Fighting
 12189 | D:9      | Noticed a two-headed ogre
 12468 | D:9      | Reached skill level 7 in Spellcasting
 12480 | D:9      | Reached skill level 3 in Dodging
 13100 | D:9      | Offered knowledge of Dazzling Flash by Vehumet.
 13160 | D:9      | Found a sacrificial altar of Ru.
 13162 | D:9      | Found an ancient bone altar of Kikubaaqudgha.
 13165 | D:9      | Found an ornate altar of the Wu Jian Council.
 13167 | D:9      | Found a glowing golden altar of the Shining One.
 13167 | D:9      | Found a snail-covered altar of Cheibriados.
 13379 | D:10     | Entered Level 10 of the Dungeon
 13495 | D:10     | Noticed a komodo dragon
 13743 | D:10     | Noticed a brown ugly thing
 13751 | D:9      | Killed a brown ugly thing
 13752 | D:9      | Reached skill level 4 in Dodging
 14130 | D:10     | Reached skill level 5 in Dodging
 14280 | D:10     | Found a staircase to the Lair.
 14322 | D:10     | Noticed a gargoyle
 14344 | D:10     | Noticed an ogre mage
 14351 | D:10     | Killed an ogre mage
 14352 | D:10     | Reached skill level 6 in Dodging
 14352 | D:10     | Reached XP level 11. HP: 58/68 MP: 7/22
 14508 | D:10     | Reached skill level 8 in Fighting
 14982 | D:10     | Noticed an elephant
 15121 | D:10     | Killed an elephant
 15121 | D:10     | Reached *** piety under Vehumet
 15122 | D:10     | Reached skill level 7 in Dodging
 15122 | D:10     | Reached skill level 8 in Spellcasting
 15700 | D:9      | Learned a level 5 spell: Lee's Rapid Deconstruction
 15984 | D:10     | Reached skill level 8 in Dodging
 16720 | D:11     | Reached skill level 9 in Earth Magic
 17319 | D:10     | Found a staircase to the Lair.
 17948 | D:11     | Noticed a death knight
 18171 | D:11     | HP: 14/69 [freezing wraith[a death knight] (10)]
 18173 | D:10     | HP: 5/69 [freezing wraith[a death knight] (4)]
 18173 | D:10     | Demolished by a freezing wraith

Table legend: (Time is in decaauts)
 A = Elapsed time spent in this place.
 B = Non-inter-level travel time spent in this place.
 C = Inter-level travel time spent in this place.
 D = Time resting spent in this place.
 E = Time spent auto-exploring this place.
 F = Levels seen in this place.
 G = Mean time per level.
                   A        B        C        D        E       F      G
               +--------+--------+--------+--------+--------+-----+--------+
         Total |  18226 |  17433 |    793 |   5870 |   9014 |  12 | 1518.8 |
       Dungeon |  18060 |  17273 |    787 |   5870 |   8885 |  11 | 1641.8 |
        Temple |    165 |    159 |      6 |      0 |    129 |   1 |  165.0 |
               +--------+--------+--------+--------+--------+-----+--------+

Top non-repeatable levels by time:
    D:10: 2997 daAuts
     D:8: 2748 daAuts
     D:5: 1929 daAuts
     D:9: 1923 daAuts
     D:7: 1818 daAuts
     D:1: 1693 daAuts
     D:4: 1467 daAuts
     D:3: 1060 daAuts
     D:2: 870 daAuts
     D:6: 803 daAuts
    D:11: 747 daAuts
  Temple: 165 daAuts

Table legend:
 A = Kills in this place as a percentage of kills in entire the game.
 B = Kills by you in this place as a percentage of kills by you in the entire game.
 C = Kills by friends in this place as a percentage of kills by friends in the entire game.
 D = Other kills in this place as a percentage of other kills in the entire game.
 E = Experience gained in this place as a percentage of experience gained in the entire game.
 F = Experience gained in this place divided by the number of levels of this place that you have seen.
                   A       B       C       D       E      F
               +-------+-------+-------+-------+-------+----------------------
         Total | 100.0 | 100.0 |   N/A |   N/A | 100.0 | 1032.8
       Dungeon | 100.0 | 100.0 |   N/A |   N/A | 100.0 | 1126.7
               +-------+-------+-------+-------+-------+----------------------

Action                   |  1- 3 |  4- 6 |  7- 9 | 10-12 || total
-------------------------+-------+-------+-------+-------++-------
Melee: Unarmed           |     8 |       |       |       ||     8
       Dagger            |    24 |     2 |       |       ||    26
       Short sword       |       |   108 |    26 |    14 ||   148
Throw: Stone             |     2 |       |       |       ||     2
 Cast: Sandblast         |    32 |    27 |    86 |    30 ||   175
       Stone Arrow       |       |       |    47 |   103 ||   150
       Shock             |       |       |   122 |   191 ||   313
       Lee's Rapid Decon |       |       |       |     3 ||     3
Evoke: Wand              |       |       |     7 |     1 ||     8
  Use: Scroll            |       |     1 |     5 |     1 ||     7
 Stab: Sleeping          |     3 |    14 |     2 |       ||    19
       Distracted        |       |     1 |     1 |       ||     2
       Paralysed         |       |       |     5 |       ||     5
Armor: Robe              |    11 |    10 |    49 |    43 ||   113
Dodge: Dodged            |    69 |    71 |   139 |   155 ||   434

Vanquished Creatures
  An ogre mage (D:10)
  An ugly thing (D:9)
  An elephant (D:10)
  A komodo dragon (D:9)
  A hornet (D:10)
  Grinder (D:5)
  A vampire (D:10)
  11 yaks
  A basilisk (D:10)
  Menkaure (D:6)
  A water moccasin (D:10)
  An ice beast (D:9)
  3 sky beasts
  3 black bears
  3 orc warriors
  A necrophage (D:10)
  4 ogres
  2 phantoms
  3 centaurs
  3 big kobolds
  5 bullfrogs
  3 scorpions
  10 killer bees
  2 howler monkeys
  A centaur zombie (D:6)
  6 orc priests
  A quasit (D:5)
  A bullfrog zombie (D:8)
  A centaur skeleton (D:9)
  6 hounds
  14 orc wizards
  2 bullfrog skeletons
  Jessica (D:2)
  5 iguanas
  10 worker ants
  A hound zombie (D:6)
  A worker ant zombie (D:7)
  6 gnolls
  A howler monkey skeleton (D:6)
  10 adders
  2 ufetubi
  An ooze (D:3)
  3 worms
  7 dart slugs
  4 leopard geckos
  40 orcs
  5 bats
  8 giant cockroaches
  12 goblins
  7 hobgoblins
  6 jackals
  20 kobolds
  2 quokkas
  4 frilled lizards
  2 leopard gecko skeletons
  A quokka skeleton (D:5)
  7 rats
262 creatures vanquished.

Vanquished Creatures (others)
  A fungus (D:10)
  3 plants (D:10)
4 creatures vanquished.

Grand Total: 266 creatures vanquished You could see 3 freezing wraiths.

Levels and vault maps discovered:
D:1:      minmay_arrival_nine_rooms, layout_basic
D:2:      layout_loops_ring, uniq_jessica
D:3:      layout_basic, cheibrodos_sewer_entry_sluice
D:4:      layout_loops_ring, serial_shops, kennysheep_mini_moat, uniq_sigmund
D:5:      layout_rooms, minmay_temple_entry_butterflies, serial_shops,
          nicolae_shop_stone, shop, shop_statue, shop, shop, uniq_grinder
D:6:      layout_basic, nicolae_qazlal_eye_of_the_storm, minmay_misc_feat_alley,
          uniq_menkaure
D:7:      layout_cave_pods, nicolae_overflow_crystal_walls
D:8:      layout_loops_corners, lemuel_crystal_altar, tgw_trog
D:9:      layout_loops_cross, minitemple, david_orc_3
D:10:     layout_roguey, david_lair_generic, minmay_librarian
D:11:     layout_roguey, lemuel_statue_altar, uniq_snorg
Temple:   cyrus_circular_temple
